 Dungeon Crawl Stone Soup version 0.21-a0-538-gd16b88a (webtiles) character file.

37 Bluekicks the Conjurer (level 3, -3/24 HPs)
             Began as a Human Conjurer on Dec 15, 2017.
             Slain by an adder (4 damage)
             ... on level 3 of the Dungeon on Dec 16, 2017.
             The game lasted 00:36:56 (1827 turns).

Bluekicks the Conjurer (Human Conjurer)             Turns: 1827, Time: 00:36:56

Health: -3/24      AC:  2    Str:  8    XL:     3   Next: 62%
Magic:  1/6        EV: 12    Int: 16    God:
Gold:   47         SH:  2    Dex: 13    Spells: 4/7 levels left

rFire    . . .     SeeInvis .   o - +0 great mace
rCold    . . .     Gourm    .   (shield currently unavailable)
rNeg     . . .     Faith    .   a - +0 robe
rPois    .         Spirit   .   (no helmet)
rElec    .         Reflect  +   (no cloak)
rCorr    .         Harm     .   (no gloves)
MR       .....     Rnd*Tele +   (no boots)
Stlth    ++........             i - +2 amulet of reflection
HPRegen  0.08/turn              f - ring of teleportation
MPRegen  0.10/turn              (no ring)

@: lethally poisoned (-3 -> -13)
A: no striking features
a: no special abilities


You were on level 3 of the Dungeon.
You were completely stuffed.

You visited 1 branch of the dungeon, and saw 3 of its levels.

You collected 47 gold pieces.

Inventory:

Hand Weapons
 d - a +0 club
 e - a +0 short sword
 g - a +0 hunting sling
 m - a +0 short sword
 o - a +0 great mace (weapon)
Missiles
 k - 27 bolts
 l - 13 stones (quivered)
Armour
 a - a +0 robe (worn)
Jewellery
 f - a ring of teleportation (left hand)
 i - a +2 amulet of reflection (around neck)
Scrolls
 j - a scroll of identify
 n - a scroll of magic mapping
Books
 b - a book of Conjurations

   Spells                             Type                      Level
   a - Magic Dart                     Conjuration                  1
   b - Searing Ray                    Conjuration                  2
   c - Dazzling Spray                 Conjuration/Hexes            3
   d - Fulminant Prism                Conjuration/Hexes            4
   e - Force Lance                    Conjuration/Translocation    4
   f - Iskenderun's Mystic Blast      Conjuration                  4
Comestibles
 h - a chunk of flesh


   Skills:
 + Level 2.3 Dodging
 + Level 2.5 Stealth
 * Level 2.6 Spellcasting
 + Level 4.2 Conjurations


You had 4 spell levels left.
You knew the following spells:

 Your Spells              Type           Power        Failure   Level  Hunger
a - Magic Dart            Conj           ###.         3%          1    #......
b - Searing Ray           Conj           ###...       4%          2    ##.....


Dungeon Overview and Level Annotations

Branches:
Dungeon (3/15)

Altars:


Message History

You feel sick. The adder bites you.
* * * LOW HITPOINT WARNING * * *
You are lethally poisoned!
The adder poisons you! The adder closely misses you.
You closely miss the adder.
The adder is lightly wounded.
* * * LOW HITPOINT WARNING * * *
You feel sick. The adder bites you.
* * * LOW HITPOINT WARNING * * *
You are more poisoned.
The adder poisons you! The adder completely misses you.
You closely miss the adder.
The adder is lightly wounded.
* * * LOW HITPOINT WARNING * * *
You feel sick. The adder barely misses you. The adder closely misses you.
You closely miss the adder.
The adder is lightly wounded.
* * * LOW HITPOINT WARNING * * *
You feel sick. The adder closely misses you. The adder bites you.
You die...

####.# ..##.# #.##.#
#.##.# #.##.# #
#@##.# .#
###S##.#####.#
#..wg........###
.........#..........
.........#...>......
.........##....(....
.##########.........
#.<....(..
#.........


You could see a worm, an adder and a hobgoblin.

Vanquished Creatures
  A dart slug (D:1)
  A worm (D:1)
  2 leopard geckos (D:1)
  2 giant cockroaches (D:1)
  4 goblins (D:1)
  3 hobgoblins (D:1)
  4 kobolds
  A quokka (D:2)
  5 bats
  2 frilled lizards (D:1)
  6 rats
31 creatures vanquished.

Notes
Turn   | Place    | Note
-------+----------+-------------------------------------------
     0 | D:1      | Bluekicks the Human Conjurer began the quest for the Orb.
     0 | D:1      | Reached XP level 1. HP: 13/13 MP: 3/3
   336 | D:1      | Reached XP level 2. HP: 19/19 MP: 3/5
   340 | D:1      | Learned a level 2 spell: Searing Ray
   679 | D:1      | Reached XP level 3. HP: 15/24 MP: 0/6
  1827 | D:3      | HP: 1/24 [poisoned by an adder]
  1827 | D:3      | Slain by an adder

Vault maps used:
D:1:      minmay_arrival_shoal_huts, st_stairs_3
D:2:      uniq_jessica
D:3:      uniq_robin, uniq_ijyb

Action                   || total
-------------------------++-------
Melee: Club              ||    25
       Unarmed           ||     9
       Great mace        ||     6
 Cast: Magic Dart        ||    33
       Searing Ray       ||    11
  Use: Scroll            ||     3
       Potion            ||     2
  Eat: Bread ration      ||     2
       Chunk             ||     2
       Royal jelly       ||     1
Armor: Robe              ||    16
Dodge: Dodged            ||    50
Block: Other             ||     1

Table legend:
 A = Spawn XP
 B = Non-spawn XP
 C = Spawn XP percentage of total XP
 D = Spawn monster count
 E = Non-spawn monster count
 F = Spawn count percentage of total count
 G = Total turns spent on level
                    A         B        C        D         E        F      G
               +---------+---------+-------+---------+---------+-------+---------
         Total |       0 |      54 |   0.0 |       0 |      31 |   0.0 |  1827
               +---------+---------+-------+---------+---------+-------+---------
           D:1 |       0 |      49 |   0.0 |       0 |      27 |   0.0 |  1746
           D:2 |       0 |       5 |   0.0 |       0 |       4 |   0.0 |    57
               +---------+---------+-------+---------+---------+-------+---------
